 Dungeon Crawl Stone Soup version 0.30-a0-368-g86fb4627a9 (webtiles) character file.

Game seed: 11725203463658015661

9 ryw the Trooper (level 2, 24/24 HPs)
             Began as a Demonspawn Monk on Nov 19, 2022.
             Quit the game on level 1 of the Dungeon.
             The game lasted 00:00:33 (136 turns).

ryw the Trooper (Demonspawn Monk)                    Turns: 136, Time: 00:00:33

Health: 24/24      AC:  2    Str: 11    XL:     2   Next: 6%
Magic:  2/2        EV: 13    Int: 11    God:
Gold:   0          SH:  0    Dex: 15    Spells: 1/1 levels left

rFire   . . .      SeeInvis .      - Unarmed
rCold   . . .      Faith    .    (no shield)
rNeg    . . .      Spirit   .    a - +0 robe
rPois   .          Reflect  .    (helmet restricted)
rElec   .          Harm     .    (no cloak)
rCorr   .          Rampage  .    (no gloves)
Will    .....                    (no boots)
Stlth   ++........               (no amulet)
HPRegen 0.24/turn                (no ring)
MPRegen 0.08/turn                (no ring)

@: no status effects
A: horns 1
a: no special abilities


You were on level 1 of the Dungeon.
You visited 1 branch of the dungeon, and saw 1 of its levels.

Inventory:

Armour
 a - a +0 robe (worn)
Scrolls
 c - a scroll of brand weapon {unknown}
 d - a scroll of immolation {unknown}
Potions
 b - a potion of ambrosia
 e - a potion of curing {unknown}
 f - a potion of might {unknown}


   Skills:
 + Level 3.2 Fighting
 + Level 2.9 Dodging
 - Level 1.7 Stealth
 + Level 2.9 Unarmed Combat


You had one spell level left.
You didn't know any spells.
Your spell library was empty.

Dungeon Overview and Level Annotations

Branches:
Dungeon (1/15)

Altars:


Innate Abilities, Weirdness & Mutations

You have a pair of small horns on your head.


Message History

A bat comes into view.
You hit the bat but do no damage. The bat misses you.
The bat closely misses you. The kobold completely misses you.
You hit the kobold.
You kill the kobold!
The bat hits you but does no damage. x3
You have reached level 2!
Your demonic ancestry asserts itself...
A pair of horns grows on your head!
You hit the bat.
You kill the bat!
The bat barely misses you.
You hit the bat but do no damage. Your headbutt misses the bat.
The bat hits you. The bat hits you but does no damage.
You closely miss the bat. Your headbutt misses the bat. The bat hits you.
A bat comes into view.
Found 9 stones.
The bat barely misses you.
Found a robe.
The bat hits you but does no damage. The bat hits you.
You barely miss the bat. The bat barely misses you.
The bat hits you but does no damage.
You barely miss the bat. The bat hits you but does no damage.
The bat barely misses you. The bat closely misses you.
The bat hits you but does no damage. The bat misses you.
You miss the bat. The bat closely misses you.
An endoplasm comes into view.
The bat barely misses you.
You closely miss the bat. The bat closely misses you.
The bat barely misses you.
You hit the bat.
The bat is moderately wounded.
The bat hits you but does no damage.
You hit the bat but do no damage.
The bat is moderately wounded.
The bat barely misses you. x2
You hit the bat.
You kill the bat!
No target in view!
Are you sure you want to abandon this character and quit the game? (Confirm with "yes".)

........?.# #........#
#........#
#........##########
#.)................
#######...#####..........
..........# #..........
J.........# #..........
........@.# #..........
#######...# #..........
#...#####..........
....##.............
....(##.............
....[###.............
......# #.............
...#.### #.............
#....#######..


There were no monsters in sight!

Vanquished Creatures
  A goblin (D:1)
  2 hobgoblins (D:1)
  2 kobolds (D:1)
  2 bats (D:1)
  A frilled lizard (D:1)
  A rat (D:1)
9 creatures vanquished.

Notes
Turn   | Place    | Note
-------+----------+-------------------------------------------
     0 | D:1      | ryw the Demonspawn Monk began the quest for the Orb.
     0 | D:1      | Reached XP level 1. HP: 18/18 MP: 1/1
   119 | D:1      | Gained mutation: You have a pair of small horns on your
                  | head. [demonic ancestry]
   119 | D:1      | Reached XP level 2. HP: 24/24 MP: 2/2
   136 | D:1      | Quit the game

Illustrated notes

Levels and vault maps discovered:
D:1:      tarquinn_simple_flora_water_d, layout_basic, minmay_indecisive_spiral

Action                   || total
-------------------------++-------
Melee: Unarmed           ||    30
Armor: Robe              ||    11
Dodge: Dodged            ||    29

Table legend: (Time is in decaauts)
 A = Elapsed time spent in this place.
 B = Non-inter-level travel time spent in this place.
 C = Inter-level travel time spent in this place.
 D = Time resting spent in this place.
 E = Time spent auto-exploring this place.
 F = Levels seen in this place.
 G = Mean time per level.
                   A        B        C        D        E       F      G
               +--------+--------+--------+--------+--------+-----+--------+
         Total |    134 |    134 |      0 |     34 |     46 |   1 |  134.0 |
       Dungeon |    134 |    134 |      0 |     34 |     46 |   1 |  134.0 |
               +--------+--------+--------+--------+--------+-----+--------+

Top non-repeatable levels by time:
     D:1: 134 daAuts
